 Dungeon Crawl Stone Soup version 0.24-b1 (webtiles) character file.

Game seed: 306823149317700489, levelgen mode: deterministic

13488 Misstep the Martial Artist (level 12, -3/67 HPs)
             Began as a Vine Stalker Monk on Oct 13, 2019.
             Was a High Priest of Okawaru.
             Slain by a spiny frog (11 damage)
             ... on level 1 of the Lair of Beasts.
             The game lasted 00:45:39 (12139 turns).

Misstep the Martial Artist (Vine Stalker Monk)     Turns: 12139, Time: 00:45:40

Health: -3/67      AC: 10    Str: 13    XL:     12   Next: 6%
Magic:  0/13       EV: 13    Int: 14    God:    Okawaru [*****.]
Gold:   738        SH:  7    Dex: 22    Spells: 5/11 levels left

rFire    . . .     SeeInvis .     - Unarmed
rCold    + . .     Gourm    .   O - +1 buckler {rN+}
rNeg     + . .     Faith    .   v - +0 scale mail
rPois    .         Spirit   +   M - +1 hat
rElec    .         Reflect  .   N - scarf {cloud immunity}
rCorr    .         Harm     .   P - +0 pair of gloves "Ykkuwnau" {rC+ Dex+3 Slay+6 Stlth-} (curse)
MR       +....                  y - +0 pair of boots
Stlth    ..........             G - amulet of the acrobat
HPRegen  1.01/turn              (no ring)
MPRegen  0.13/turn              (no ring)

@: lethally poisoned (-3 -> -50), slowed, very slow
A: fangs 3, regeneration 2, magic shield, antimagic bite, no potion heal 3, rot
immunity
a: Heroism, Finesse, Renounce Religion


You were on level 1 of the Lair of Beasts.
You worshipped Okawaru.
Okawaru was extremely pleased with you.
You were hungry.

You visited 2 branches of the dungeon, and saw 12 of its levels.

You collected 738 gold pieces.

Inventory:

Hand Weapons
 d - a +0 dagger of holy wrath
 L - a +5 quick blade
Missiles
 c - 251 stones
 o - 29 poisoned darts (quivered)
 w - 2 curare-tipped darts
 I - 8 javelins
Armour
 a - a +0 robe
 m - a +0 ring mail
 v - a +0 scale mail (worn)
 y - a +0 pair of boots (worn)
 M - a +1 hat (worn)
 N - a scarf of cloud immunity (worn)
 O - a +1 buckler of positive energy (worn)
 P - the cursed +0 pair of gloves "Ykkuwnau" (worn) {rC+ Dex+3 Slay+6 Stlth-}
   (You found it on level 10 of the Dungeon)

   It affects your dexterity (+3).
   It affects your accuracy and damage with ranged weapons and melee attacks
   (+6).
   It protects you from cold.
   It makes you less stealthy.
   It has a curse placed upon it.
Magical Staves
 t - an uncursed staff of cold
Jewellery
 B - an uncursed ring of ice
 D - an uncursed amulet of rage
 G - an amulet of the acrobat (around neck)
Wands
 x - a wand of polymorph (5)
 H - a wand of digging (15)
Scrolls
 g - a scroll of random uselessness {unknown}
 h - a scroll of fear {unknown}
 i - a scroll of teleportation {unknown}
 j - a scroll of enchant weapon {unknown}
 k - 2 scrolls of immolation {unknown}
 p - 2 scrolls of blinking {unknown}
 r - 8 scrolls of remove curse
 s - a scroll of enchant armour {unknown}
 C - a scroll of magic mapping {unknown}
 F - 2 scrolls of fog {unknown}
 J - a scroll of amnesia {unknown}
 K - a scroll of vulnerability {unknown}
 R - 2 scrolls of noise {unknown}
Potions
 e - a potion of might
 f - 3 potions of haste
 l - 3 potions of curing
 n - a potion of degeneration {unknown}
 q - a potion of brilliance {unknown}
 u - a potion of mutation {unknown}
 z - a potion of agility {unknown}
 A - 2 potions of heal wounds
 E - 2 potions of ambrosia
Comestibles
 b - 18 rations


   Skills:
 - Level 10.0 Fighting
 - Level 5.3 Armour
 - Level 6.0 Dodging
 - Level 2.4 Stealth
 - Level 4.0 Shields
 + Level 12.4 Unarmed Combat


You had 5 spell levels left.
You knew the following spells:

 Your Spells              Type           Power        Failure   Level  Hunger
a - Statue Form           Tmut/Erth      #........    100%        6    #######

Your spell library contained the following spells:

 Spells                   Type           Power        Failure   Level  Hunger
 Freeze                   Ice            #...         75%         1    ##.....
 Throw Frost              Conj/Ice       #.....       87%         2    ###....
 Ozocubu's Armour         Chrm/Ice       #.......     98%         3    ####...
 Summon Ice Beast         Ice/Summ       #.......     100%        4    #####..
 Throw Icicle             Conj/Ice       #.......     100%        4    #####..
 Irradiate                Conj/Tmut      #.........   100%        5    ######.
 Hydra Form               Tmut           #.........   100%        6    #######
 Dragon Form              Tmut           #.........   100%        7    #######


Dungeon Overview and Level Annotations

Branches:
Dungeon (11/15)            Temple (0/1) D:7            Lair (1/6) D:10
    Orc: D:9-12

Altars:
Cheibriados
Makhleb
Nemelex Xobeh
Okawaru
Qazlal
Ru
Sif Muna
Trog
Uskayaw
Wu Jian
Xom
Yredelemnul
Zin
The Shining One

Shops:
D:6 %

Annotations:
D:3 1 runed translucent door, Crazy Yiuf
D:6 1 runed translucent door, skumtomte's ghost, novice TeCj
D:11 2 runed translucent doors, Zachi's ghost, journeyman HaWr
Lair:1 1 transporter, Sonja


Innate Abilities, Weirdness & Mutations

You have razor-sharp teeth.
You heal very quickly.
When hurt, damage is shared between your health and your magic reserves.
Your bite disrupts and absorbs the magic of your enemies.
Potions cannot restore your health.
You are immune to rotting.


Message History

You feel very sick. The spiny frog closely misses you.
Sonja casts a spell.
Sonja blinks!
Unknown command.
You punch the spiny frog!
You bite the spiny frog, but do no damage.
The spiny frog is heavily wounded.
You feel very sick. The spiny frog stings you! The spiny frog stings you!!
* * * LOW HITPOINT WARNING * * *
You are more poisoned.
The spiny frog poisons you!
You closely miss Sonja. Your bite misses Sonja.
Sonja is heavily wounded.
* * * LOW HITPOINT WARNING * * *
You feel extremely sick.
Sonja gestures wildly while chanting.
Sonja blinks!
The spiny frog stings you!
You die...

#%#####... #.# . #.# ##.## ≈≈≈≈
##..P# .≈≈≈≈ # .##.## ≈≈≈≈≈ .#
....# .≈≈≈≈#######..#### ....##
≈≈≈≈≈≈....§....... .....#
.≈≈≈≈≈...@F....... .....#
.≈≈≈≈...(K........
....###.≈≈≈≈..(######.###
.....)...≈≈≈...# #
.......≈≈.≈.≈#.#
........≈≈≈≈.+.# #.
.......≈.≈(≈≈..# ...
........≈≈≈≈...# ### ....##
#P#####.≈≈≈≈...######P###.....##


You could see a spiny frog and Sonja.

Vanquished Creatures
  A hydra (Lair:1)
  A two-headed ogre (D:4)
  3 unseen horrors
  2 ugly things (D:11)
  A cyclops (D:7)
  A black mamba (Lair:1)
  A komodo dragon (D:10)
  2 trolls
  A hippogriff (D:7)
  Sigmund (D:3)
  11 yaks
  A human (D:10)
  2 hogs (D:10)
  A hungry ghost (D:8)
  Edmund (D:6)
  An acid dragon (D:11)
  A porcupine (Lair:1)
  4 orc warriors
  5 ice beasts
  2 sky beasts (D:7)
  9 ogres
  4 centaurs
  A big kobold (D:8)
  9 bullfrogs
  A water moccasin skeleton (D:8)
  A wyvern skeleton (D:9)
  A scorpion (D:10)
  9 killer bees
  4 howler monkeys
  7 crimson imps
  A bullfrog zombie (D:8)
  3 centaur zombies
  7 jellies
  4 centaur skeletons
  7 orc priests
  A hound (D:10)
  An iron imp (D:8)
  2 iguanas
  3 orc wizards
  6 worker ants
  A hound skeleton (D:9)
  A worker ant zombie (D:10)
  A howler monkey skeleton (D:7)
  5 adders
  3 gnolls (D:5)
  3 shadow imps
  5 oozes
  An adder skeleton (D:9)
  A leopard gecko (D:11)
  48 orcs
  7 bats
  5 giant cockroaches
  11 goblins
  9 hobgoblins
  13 kobolds
  4 quokkas
  2 ball pythons (D:3)
  6 frilled lizards
  A jackal skeleton (D:4)
  A leopard gecko skeleton (D:7)
  A quokka zombie (D:9)
  9 rats
262 creatures vanquished.

Vanquished Creatures (others)
  2 plants (D:10)
  2 withered plants (D:6)
4 creatures vanquished.

Grand Total: 266 creatures vanquished

Notes
Turn   | Place    | Note
-------+----------+-------------------------------------------
     0 | D:1      | Misstep the Vine Stalker Monk began the quest for the Orb.
     0 | D:1      | Reached XP level 1. HP: 11/11 MP: 2/2
   415 | D:1      | Reached XP level 2. HP: 16/16 MP: 3/3
   852 | D:1      | Reached skill level 4 in Unarmed Combat
   954 | D:1      | Reached XP level 3. HP: 19/19 MP: 4/4
  2015 | D:2      | Found an iron altar of Okawaru.
  2033 | D:2      | Became a worshipper of Warmaster Okawaru
  2033 | D:2      | Reached * piety under Okawaru
  2033 | D:2      | Reached ** piety under Okawaru
  2221 | D:2      | Gained mutation: Your natural rate of healing is unusually
                  | fast. [Vine Stalker growth]
  2221 | D:2      | Reached XP level 4. HP: 23/23 MP: 5/5
  2759 | D:3      | Found an iron altar of Okawaru.
  2921 | D:2      | Reached skill level 5 in Unarmed Combat
  3238 | D:3      | Reached XP level 5. HP: 27/27 MP: 6/6
  3457 | D:3      | Found a runed translucent door.
  3458 | D:3      | Noticed Crazy Yiuf
  3642 | D:3      | Noticed Sigmund
  3660 | D:3      | Killed Sigmund
  3660 | D:3      | Reached skill level 1 in Armour
  3660 | D:3      | Reached XP level 6. HP: 32/32 MP: 7/7
  3966 | D:4      | Reached *** piety under Okawaru
  4017 | D:4      | Found a sparkling altar of Nemelex Xobeh.
  4023 | D:4      | Noticed a two-headed ogre
  4239 | D:4      | Found a bloodstained altar of Trog.
  4239 | D:4      | Found a shimmering blue altar of Sif Muna.
  4331 | D:4      | Killed a two-headed ogre
  4331 | D:4      | Reached **** piety under Okawaru
  4331 | D:4      | Reached skill level 5 in Fighting
  4331 | D:4      | Reached XP level 7. HP: 9/39 MP: 1/8
  4331 | D:4      | Gained mutation: You have razor-sharp teeth. [Vine Stalker
                  | growth]
  4331 | D:4      | Reached XP level 8. HP: 11/44 MP: 1/9
  4649 | D:5      | Entered Level 5 of the Dungeon
  4652 | D:5      | Found a snail-covered altar of Cheibriados.
  4669 | D:5      | Found a stormy altar of Qazlal.
  4710 | D:5      | Found a shimmering altar of Xom.
  5032 | D:5      | Reached skill level 5 in Armour
  5326 | D:5      | Found a sacrificial altar of Ru.
  5610 | D:5      | Found a burning altar of Makhleb.
  5615 | D:5      | Found a glowing silver altar of Zin.
  5615 | D:5      | Noticed an angel
  5615 | D:5      | Noticed an Executioner
  5760 | D:6      | Reached skill level 6 in Unarmed Combat
  5942 | D:6      | Found a runed translucent door.
  5943 | D:6      | Noticed skumtomte's ghost (novice TeCj)
  5973 | D:6      | Reached XP level 9. HP: 48/49 MP: 10/10
  6054 | D:6      | Found Leroe's Food Emporium.
  6093 | D:6      | Noticed Edmund
  6169 | D:6      | Killed Edmund
  6691 | D:7      | Noticed a cyclops
  6763 | D:7      | Found a staircase to the Ecumenical Temple.
  6987 | D:7      | Reached skill level 7 in Unarmed Combat
  7559 | D:7      | Killed a cyclops
  7559 | D:7      | Reached ***** piety under Okawaru
  7559 | D:7      | Reached skill level 5 in Dodging
  7559 | D:7      | Reached skill level 8 in Unarmed Combat
  7931 | D:8      | Reached XP level 10. HP: 55/55 MP: 11/11
  7947 | D:8      | Found a snail-covered altar of Cheibriados.
  8429 | D:8      | Reached skill level 9 in Unarmed Combat
  8562 | D:9      | Found a basalt altar of Yredelemnul.
  8562 | D:9      | Found an ornate altar of the Wu Jian Council.
  8563 | D:9      | Found a glowing golden altar of the Shining One.
  8745 | D:9      | Found a hide-covered altar of Uskayaw.
  9109 | D:8      | Received a gift from Okawaru
  9397 | D:9      | Reached skill level 10 in Unarmed Combat
  9662 | D:10     | Entered Level 10 of the Dungeon
  9725 | D:10     | Killed an unseen horror
  9725 | D:10     | Reached XP level 11. HP: 18/60 MP: 8/12
 10160 | D:10     | Found a staircase to the Lair.
 10495 | D:10     | Received a gift from Okawaru
 10495 | D:10     | Reached skill level 11 in Unarmed Combat
 10575 | D:10     | Got a pair of translucent gloves
 10714 | D:10     | Learned a level 6 spell: Statue Form
 10760 | D:11     | Noticed a seven-headed hydra
 10865 | D:11     | Found a runed translucent door.
 10865 | D:11     | Noticed a shock serpent
 10865 | D:11     | Noticed a skeletal warrior
 10865 | D:11     | a shock serpent changed into an elephant
 10865 | D:11     | Noticed a sphinx
 10866 | D:11     | Noticed a skeletal warrior
 10867 | D:11     | Noticed a necromancer
 10870 | D:11     | Noticed a lich
 10872 | D:11     | Noticed Zachi's ghost (journeyman HaWr)
 10873 | D:11     | Noticed a two-headed ogre
 10873 | D:11     | an eye of devastation changed into a two-headed ogre
 10875 | D:11     | Noticed a wolf spider
 10875 | D:11     | a two-headed ogre changed into a wolf spider
 10877 | D:11     | Found a runed translucent door.
 10920 | D:11     | Killed an unseen horror
 10962 | D:11     | Reached skill level 10 in Fighting
 11146 | D:11     | Reached skill level 1 in Shields
 11267 | D:11     | Killed an unseen horror
 11340 | D:11     | Noticed a harpy
 11347 | D:11     | a harpy changed into a black mamba
 11393 | D:11     | Noticed a brown ugly thing
 11407 | D:11     | Killed a brown ugly thing
 11458 | D:11     | Noticed a red ugly thing
 11467 | D:11     | Killed a red ugly thing
 11618 | D:11     | Noticed a harpy
 11707 | D:11     | Identified the +3 whip of Gallantry {flame, Str+3 Dex+6}
 11778 | D:11     | Noticed a great orb of eyes
 11858 | Lair:1   | Entered Level 1 of the Lair of Beasts
 11872 | Lair:1   | Identified the cursed +0 pair of gloves "Ykkuwnau" {rC+
                  | Dex+3 Slay+6 Stlth-} (You found it on level 10 of the
                  | Dungeon)
 11958 | Lair:1   | Found a transporter.
 11973 | Lair:1   | Reached skill level 12 in Unarmed Combat
 11985 | Lair:1   | Noticed a seven-headed hydra
 11995 | Lair:1   | HP: 1/63 [seven-headed hydra (5)]
 12105 | Lair:1   | Killed a seven-headed hydra
 12105 | Lair:1   | Gained mutation: You heal very quickly. [Vine Stalker
                  | growth]
 12105 | Lair:1   | Reached XP level 12. HP: 51/67 MP: 10/13
 12124 | Lair:1   | Noticed Sonja
 12139 | Lair:1   | Slain by a spiny frog

Skill      XL: |  1  2  3  4  5  6  7  8  9 10 11 |
---------------+----------------------------------+-----
Unarmed Combat | 4 5 6 8 10 12 | 12.4
Fighting       | 3 5 6 7 8 10 | 10.0
Armour         | 1 4 5 |  5.3
Dodging        | 5 6 |  6.0
Shields        | 4 |  4.0
Stealth        | |  2.4

Action                   |  1- 3 |  4- 6 |  7- 9 | 10-12 || total
-------------------------+-------+-------+-------+-------++-------
Melee: Unarmed           |   121 |    96 |   223 |   502 ||   942
       Bite              |    32 |    54 |    75 |   178 ||   339
       Punch             |     3 |     2 |    11 |    23 ||    39
       Dagger            |       |    62 |       |       ||    62
Throw: Stone             |    64 |     7 |       |       ||    71
       Dart              |       |    23 |    74 |       ||    97
Invok: Heroism           |       |     1 |     4 |    15 ||    20
Evoke: Wand              |       |       |       |     1 ||     1
  Use: Scroll            |       |     2 |     1 |     5 ||     8
       Potion            |       |       |     2 |       ||     2
 Stab: Sleeping          |       |     1 |       |       ||     1
  Eat: Chunk             |     4 |     7 |     8 |    14 ||    33
       Ration            |       |       |     1 |       ||     1
Armor: Robe              |    14 |       |       |       ||    14
       Ring mail         |     6 |       |       |       ||     6
       Scale mail        |       |    49 |    60 |   133 ||   242
Dodge: Dodged            |    70 |    86 |   139 |   374 ||   669
Block: Buckler           |       |       |       |    17 ||    17
